 Dungeon Crawl Stone Soup version 0.29-a0-1-gf2d273c862 (console) character file.

Game seed: 9680933699968563746

136 Colgate the Chopper (level 5, -6/46 HPs)
             Began as a Hill Orc Cinder Acolyte on Jan 25, 2022.
             Was a High Priest of Ignis.
             Mangled by an iron imp (8 damage)
             ... on level 3 of the Dungeon on Jan 26, 2022.
             The game lasted 00:15:48 (3204 turns).

Colgate the Chopper (Hill Orc Cinder Acolyte)       Turns: 3204, Time: 00:15:49

Health: -6/46      AC:  2    Str: 17    XL:     5   Next: 19%
Magic:  6/6        EV: 11    Int: 16    God:    Ignis [*****.]
Gold:   67         SH:  0    Dex:  6    Spells: 2/6 levels left

rFire   + . .      SeeInvis .   a - -1 hand axe (flame)
rCold   . . .      Faith    .   (no shield)
rNeg    . . .      Spirit   .   b - +0 robe
rPois   .          Reflect  .   (no helmet)
rElec   .          Harm     .   (no cloak)
rCorr   .          Rampage  .   (no gloves)
Will    .....                   (no boots)
Stlth   +.........              (no amulet)
HPRegen 0.15/turn               k - ring of wizardry
MPRegen 0.10/turn               (no ring)

@: no status effects
A: no striking features
a: Renounce Religion, Fiery Armour, Foxfire Swarm, Rising Flame


You were on level 3 of the Dungeon.
You worshipped Ignis.
Ignis was extremely pleased with you.
You visited 1 branch of the dungeon, and saw 3 of its levels.

You collected 67 gold pieces.

Inventory:

Hand Weapons
 a - a -1 hand axe of flaming (weapon)
Missiles
 d - 67 stones
 g - 4 poisoned darts
 l - 5 atropa-tipped darts (quivered)
Armour
 b - a +0 robe (worn)
 p - a +0 chain mail
Magical Staves
 n - a staff of poison
Jewellery
 k - a ring of wizardry (left hand)
Scrolls
 c - 3 scrolls of teleportation {unknown}
 e - 3 scrolls of identify {unknown}
 f - a scroll of fog {unknown}
 i - a scroll of immolation {unknown}
 j - 3 scrolls of summoning {unknown}
Potions
 h - 2 potions of curing {unknown}
 m - a potion of heal wounds {unknown}
 o - a potion of flight {unknown}
 q - a potion of attraction {unknown}


   Skills:
 - Level 4.0 Fighting
 + Level 6.6 Axes
 - Level 1.6 Dodging
 - Level 1.0 Spellcasting
 - Level 3.2 Fire Magic


You had 2 spell levels left.
You knew the following spells:

 Your Spells              Type           Power      Damage    Failure   Level
a - Scorch                Fire           22%        2d6       3%          2
b - Ensorcelled Hibernat  Hex/Ice        0%         N/A       14%         2

Your spell library contained the following spells:

 Spells                   Type           Power      Damage    Failure   Level
 Spider Form              Tmut/Pois      0%         N/A       26%         3
 Anguish                  Hex/Necr       0%         N/A       63%         4


Dungeon Overview and Level Annotations

Branches:
Dungeon (3/15)

Altars:
Fedhas
Makhleb
Nemelex Xobeh


Message History

Press: ? - help, Dir - look around, f - activate Flames leap up around you!
The foxfire hits the iron imp.
The iron imp completely resists.
The foxfire hits the iron imp but does no damage. x3
The foxfire hits the iron imp.
The iron imp completely resists.
The foxfire hits the iron imp but does no damage. x2
Press: ? - help, v - describe, . - travel
Here: an iron imp (ally target)
The floor.
The foxfire hits the iron imp but does no damage. x2
The foxfire hits the iron imp.
The iron imp completely resists.
The foxfire hits the iron imp.
The iron imp completely resists.
The foxfire hits the iron imp.
The iron imp completely resists.
The foxfire hits the iron imp.
The iron imp completely resists.
The foxfire hits the iron imp but does no damage. x2
The foxfire hits the iron imp.
The iron imp completely resists.
The foxfire hits the iron imp.
The iron imp completely resists.
The foxfire hits the iron imp.
The iron imp completely resists.
The foxfire hits the iron imp but does no damage.
The foxfire hits the iron imp.
The iron imp completely resists.
The foxfire hits the iron imp.
The iron imp completely resists.
The foxfire hits the iron imp.
The iron imp completely resists.
The foxfire hits the iron imp but does no damage.
The foxfire hits the iron imp.
The iron imp completely resists.
The iron imp barely misses you. The iron imp hits you.
You closely miss the iron imp.
You hit the iron imp but do no damage. x2; The iron imp hits you!
The iron imp hits you. x2
You hit the iron imp.
The iron imp is lightly wounded.
You hit the iron imp. You barely miss the iron imp.
The iron imp closely misses you.
You hit the iron imp.
The iron imp is moderately wounded.
You closely miss the iron imp. You hit the iron imp. The iron imp hits you.
The iron imp barely misses you.
You hit the iron imp.
The iron imp is heavily wounded.
You barely miss the iron imp. x2; The iron imp hits you!
* * * LOW HITPOINT WARNING * * *
The iron imp misses you.
The iron imp hits you but does no damage.
You hit the iron imp but do no damage. You punch the iron imp.
The iron imp is severely wounded.
You hit the iron imp but do no damage. You hit the iron imp.
The iron imp hits you!
* * * LOW HITPOINT WARNING * * *
The iron imp hits you!
You die...

...........#
#.........
.........[.#
#.........
...........#
#...#.....
............#
#...#.....
.....§......#
#...#.....
...≈≈8≈≈....#
#.........
..≈≈≈.≈≈≈...#
#.........
.≈§.....§≈§.#
#.........
≈≈.......≈§.#
###.......
§§..._55.≈≈§#
#####...
≈§....5@.≈§§# #.....
§§..........# #.....
############# #.....
#.....#.# #.....
#.....#.# #.....
#.....#.# #.....
#.....#.###### #.....
#.....'......###.....
#.....#...##.#.......
#######......#.###.#.
#......)....#.# #...


You could see 3 iron imps.

Vanquished Creatures
  A centaur skeleton (D:3)
  Terence (D:3)
  2 adders (D:2)
  A worm (D:2)
  An orc (D:3)
  6 endoplasms
  2 giant cockroaches (D:1)
  2 goblins (D:1)
  9 hobgoblins
  3 jackals (D:1)
  3 kobolds
  5 quokkas
  6 ball pythons
  6 bats
  3 frilled lizards
  4 rats
55 creatures vanquished.

Vanquished Creatures (others)
  29 foxfires
29 creatures vanquished.

Grand Total: 84 creatures vanquished

Notes
Turn   | Place    | Note
-------+----------+-------------------------------------------
     0 | D:1      | Colgate the Hill Orc Cinder Acolyte began the quest for the
                  | Orb.
     0 | D:1      | Reached XP level 1. HP: 19/19 MP: 2/2
    76 | D:1      | Reached XP level 2. HP: 27/27 MP: 3/3
   568 | D:1      | You fall into a shaft and drop 1 floor!
   571 | D:2      | Reached skill level 5 in Axes
   585 | D:2      | Reached XP level 3. HP: 10/33 MP: 4/4
  1537 | D:1      | Reached skill level 6 in Axes
  1540 | D:1      | Learned a level 2 spell: Scorch
  1671 | D:2      | Reached XP level 4. HP: 40/40 MP: 0/5
  1880 | D:2      | Found a faded altar of an unknown god.
  2167 | D:2      | Found a blossoming altar of Fedhas.
  2305 | D:2      | Learned a level 2 spell: Ensorcelled Hibernation
  2370 | D:3      | Noticed Terence
  2390 | D:3      | Killed Terence
  2391 | D:3      | Reached skill level 1 in Dodging
  2589 | D:3      | Reached XP level 5. HP: 36/46 MP: 6/6
  3050 | D:3      | Found a sparkling altar of Nemelex Xobeh.
  3184 | D:3      | Found a burning altar of Makhleb.
  3204 | D:3      | HP: 2/46 [iron imp (9)]
  3204 | D:3      | Mangled by an iron imp

Illustrated notes

Levels and vault maps discovered:
D:1:      nicolae_arrival_somewhat_less_tricky_arrival, layout_loops_cross
D:2:      layout_rooms, basic_altar, shapermc_ecumenical_altar_gd,
          minmay_misc_feat_alley, minmay_door_square
D:3:      layout_basic, demons_altar, mainiacjoe_overflow_big_doors,
          uniq_terence

Skill      XL: |  1  2  3  4 |
---------------+-------------+-----
Fighting       | 4 |  4.0
Axes           | 5 6 |  6.6
Dodging        | 1 |  1.6
Spellcasting   | |  1.0
Fire Magic     | |  3.2

Action                   |  1- 3 |  4- 6 || total
-------------------------+-------+-------++-------
Melee: Hand axe          |   117 |    52 ||   169
       Punch             |     2 |     2 ||     4
Throw: Dart              |     6 |     4 ||    10
       Stone             |     2 |     2 ||     4
 Cast: Scorch            |     2 |    11 ||    13
       Ensorcelled Hiber |       |     1 ||     1
Invok: Foxfire Swarm     |     1 |     1 ||     2
 Stab: Invisible         |       |     1 ||     1
       Sleeping          |       |     1 ||     1
Armor: Robe              |    27 |    11 ||    38
Dodge: Dodged            |    79 |    32 ||   111

Table legend: (Time is in decaauts)
 A = Elapsed time spent in this place.
 B = Non-inter-level travel time spent in this place.
 C = Inter-level travel time spent in this place.
 D = Time resting spent in this place.
 E = Time spent auto-exploring this place.
 F = Levels seen in this place.
 G = Mean time per level.
                   A        B        C        D        E       F      G
               +--------+--------+--------+--------+--------+-----+--------+
         Total |   3208 |   3136 |     72 |      6 |   2645 |   3 | 1069.3 |
       Dungeon |   3208 |   3136 |     72 |      6 |   2645 |   3 | 1069.3 |
               +--------+--------+--------+--------+--------+-----+--------+

Top non-repeatable levels by time:
     D:1: 1369 daAuts
     D:2: 971 daAuts
     D:3: 867 daAuts
